 Dungeon Crawl Stone Soup version 0.21.0-24-g2553a33 (webtiles) character file.

86 Grimoiregrey the Changer (level 4, 0/35 HPs)
             Began as a Draconian Transmuter on Jan 21, 2018.
             Succumbed to a worker ant's poison
             ... on level 4 of the Dungeon.
             The game lasted 00:24:45 (3494 turns).

Grimoiregrey the Changer (Draconian Transmuter)     Turns: 3494, Time: 00:24:46

Health: 0/35       AC:  5    Str: 12    XL:     4   Next: 26%
Magic:  7/7        EV: 12    Int: 15    God:
Gold:   156        SH:  0    Dex: 11    Spells: 6/7 levels left

rFire    . . .     SeeInvis .     - Unarmed
rCold    . . .     Gourm    .   (no shield)
rNeg     . . .     Faith    .   (armour unavailable)
rPois    .         Spirit   .   (helmet restricted)
rElec    .         Reflect  .   (no cloak)
rCorr    .         Harm     .   (no gloves)
MR       +....                  (no boots)
Stlth    +.........             (no amulet)
HPRegen  0.11/turn              g - ring of protection from magic
MPRegen  0.10/turn              (no ring)

@: lethally poisoned (0 -> -14), appendage (expiring)
A: unfitting armour, horns 2, cold-blooded, AC +5
a: End Transformation


You were on level 4 of the Dungeon.
You were not hungry.
You had grown temporary horns.
You visited 1 branch of the dungeon, and saw 4 of its levels.

You collected 156 gold pieces.

Inventory:

Missiles
 a - 12 arrows
Jewellery
 d - a +5 amulet of reflection {unknown}
 g - a ring of protection from magic (left hand)
Scrolls
 e - a scroll of identify
 f - 5 scrolls of remove curse
Books
 b - a book of Changes

   Spells                             Type                      Level
   a - Beastly Appendage              Transmutation                1
   b - Sticks to Snakes               Transmutation                2
   c - Spider Form                    Transmutation/Poison         3
   d - Ice Form                       Ice/Transmutation            4
   e - Blade Hands                    Transmutation                5
 j - a book of Minor Magic

   Spells                             Type                      Level
   a - Magic Dart                     Conjuration                  1
   b - Blink                          Translocation                2
   c - Call Imp                       Summoning                    2
   d - Slow                           Hexes                        2
   e - Conjure Flame                  Conjuration/Fire             3
   f - Mephitic Cloud                 Conjuration/Poison/Air       3
Comestibles
 c - 4 rations


   Skills:
 - Level 1.1 Fighting
 - Level 1.7 Dodging
 - Level 3.0 Unarmed Combat
 - Level 2.0 Spellcasting
 + Level 4.6 Transmutations


You had 6 spell levels left.
You knew the following spells:

 Your Spells              Type           Power        Failure   Level  Hunger
a - Beastly Appendage     Tmut           ###...       3%          1    #......


Dungeon Overview and Level Annotations

Branches:
Dungeon (4/15)
 Temple: D:4-7

Altars:
Wu Jian

Annotations:
D:3 Grimoiregrey's ghost, amateur DrTm


Innate Abilities, Weirdness & Mutations

Your plain brown scales are hard. (AC +5)
You cannot fit into any form of body armour.
You are cold-blooded and may be slowed by cold attacks.
You have a pair of horns on your head.


Message History

The worker ant barely misses you.
You hit the worker ant.
The worker ant is moderately wounded.
* * * LOW HITPOINT WARNING * * *
You feel sick. The worker ant bites you.
* * * LOW HITPOINT WARNING * * *
You are more poisoned.
The worker ant poisons you!
* * * LOW HITPOINT WARNING * * *
You feel sick.
* * * LOW HITPOINT WARNING * * *
You feel sick. The worker ant misses you.
* * * LOW HITPOINT WARNING * * *
You feel sick.
* * * LOW HITPOINT WARNING * * *
You feel sick.
The worker ant waves its antennae.
You aren't carrying any potions.
Your transformation is almost over.
You die...

. # #.# #..#.# .... #.# #
#..#.# ..... #.#.# #..#.#
......##.#.# #..#<######.
..... ..... #...........
......##.######..#########
......'................
......###.#####..######
...........a.@...#
#####.####.####.## #..#
#.# ##.# #.# .# #.# .. #.#
#.# ..


You could see a worker ant.

Vanquished Creatures
  3 adders
  An ooze (D:2)
  A worm (D:3)
  A dart slug (D:2)
  2 leopard geckos (D:2)
  3 giant cockroaches
  8 goblins
  3 hobgoblins
  8 kobolds
  A quokka (D:2)
  A ball python (D:3)
  6 bats
  5 frilled lizards
  8 rats
51 creatures vanquished.

Vanquished Creatures (others)
  An ooze (D:2)
1 creature vanquished.

Grand Total: 52 creatures vanquished

Notes
Turn   | Place    | Note
-------+----------+-------------------------------------------
     0 | D:1      | Grimoiregrey the Draconian Transmuter began the quest for the Orb.
     0 | D:1      | Reached XP level 1. HP: 16/16 MP: 3/3
   435 | D:1      | Reached XP level 2. HP: 22/23 MP: 3/5
   506 | D:1      | Reached skill level 3 in Transmutations
  1116 | D:2      | HP: 1/23 [bat (1)]
  1123 | D:2      | Reached XP level 3. HP: 2/28 MP: 6/6
  1557 | D:3      | Noticed Grimoiregrey's ghost (amateur DrTm)
  2065 | D:2      | Reached skill level 4 in Transmutations
  2459 | D:3      | Found an ornate altar of the Wu Jian Council.
  2760 | D:3      | Reached XP level 4. HP: 11/35 MP: 7/7
  3494 | D:4      | Succumbed to a worker ant's poison

Skill      XL: |  1  2  3 |
---------------+----------+-----
Transmutations | 3 4 |  4.6
Fighting       | |  1.1
Dodging        | |  1.7
Unarmed Combat | |  3.0
Spellcasting   | |  2.0

Action                   |  1- 3 |  4- 6 || total
-------------------------+-------+-------++-------
Melee: Unarmed           |   157 |    29 ||   186
       Tailslap          |    13 |     3 ||    16
       Kick              |    10 |       ||    10
       Headbutt          |     3 |     1 ||     4
       Punch             |     2 |       ||     2
 Cast: Beastly Appendage |    22 |     4 ||    26
  Use: Potion            |     3 |       ||     3
       Scroll            |     3 |     3 ||     6
  Eat: Chunk             |     2 |     3 ||     5
       Ration            |     1 |       ||     1
Armor: Skin              |    77 |     4 ||    81
Dodge: Dodged            |   173 |    16 ||   189
